 Dungeon Crawl Stone Soup version 0.30-a0-1074-g5db6f66fbb (webtiles) character file.

Game seed: 4337756437332437313

9391 123456 the Geomancer (level 11, -1/54 HPs)
             Began as a Gargoyle Earth Elementalist on Apr 13, 2023.
             Was an Initiate of Gozag.
             Engulfed by a fire crab (shapeshifter)'s flame (28 damage)
             ... on level 10 of the Dungeon.
             The game lasted 00:21:36 (10996 turns).

123456 the Geomancer (Gargoyle Earth Elementalist) Turns: 10996, Time: 00:21:38

Health: -1/54      AC: 19    Str: 15    XL:     11   Next: 45%
Magic:  19/26      EV: 13    Int: 21    God:    Gozag
Gold:   1113       SH:  0    Dex: 14    Spells: 19/27 levels left

rFire   x . .      SeeInvis +    u - +3 hammer (venom)
rCold   + + .      Faith    +    (no shield)
rNeg    + . .      Spirit   .    g - +2 robe {Will+}
rPois   ∞          Reflect  .    A - +0 helmet
rElec   +          Rampage  .    o - +2 cloak
rCorr   +                        (no gloves)
Will    +....                    q - +0 pair of boots of Zin's Hope {rElec Str+3}
Stlth   +++                      i - amulet "Amusk" {Faith rC+ rCorr Int+3}
HPRegen 0.29/turn                j - ring of protection from cold
MPRegen 0.20/turn                B - ring of see invisible

@: radiating poison
A: sickness immunity, AC +8, negative energy resistance 1, electricity
resistance, torment resistance 1, petrification resistance, iridescent scales 1,
agile 1, high MP 1, heat vulnerability 1
a: Renounce Religion, Potion Petition, Call Merchant, Bribe Branch


You were on level 10 of the Dungeon.
You worshipped Gozag.
Gozag was most pleased with you.
You visited 1 branch of the dungeon, and saw 10 of its levels.
You also visited: Sewer.

You collected 1262 gold pieces.
You paid 149 gold pieces to Gozag.

Inventory:

Hand Weapons
 u - a +3 hammer of venom (weapon)
Armour
 g - a +2 robe of willpower (worn)
 o - a +2 cloak (worn)
 q - the +0 pair of boots of Zin's Hope (worn) {rElec Str+3}
   (You acquired it on level 4 of the Dungeon)

   Str:       It affects your strength (+3).
   rElec:     It insulates you from electricity.
 A - a +0 helmet (worn)
Jewellery
 i - the amulet "Amusk" (around neck) {Faith rC+ rCorr Int+3}
   (You acquired it on level 4 of the Dungeon)

   [amulet of faith]

   It allows you to gain divine favour quickly.
   Int:       It affects your intelligence (+3).
   rC:        It protects you from cold.
   rCorr:     It protects you from acid and corrosion.
 j - a ring of protection from cold (left hand)
 l - an amulet of magic regeneration
 w - an amulet of the acrobat
 B - a ring of see invisible (right hand)
Wands
 s - a wand of mindburst (3)
 y - a wand of charming (13)
Scrolls
 c - 4 scrolls of teleportation
 e - 3 scrolls of vulnerability
 k - 3 scrolls of fear
 m - 2 scrolls of fog
 n - 5 scrolls of blinking
 z - a scroll of immolation
Potions
 a - a potion of might {unknown}
 b - 2 potions of magic
 d - a potion of haste
 f - 3 potions of flight
 h - 6 potions of curing
 p - 6 potions of ambrosia
 r - a potion of attraction
 t - 2 potions of resistance
 v - a potion of invisibility
 x - 3 potions of brilliance


   Skills:
 - Level 4.0 Dodging
 - Level 6.0 Stealth
 + Level 8.7 Spellcasting
 + Level 8.4 Conjurations
 - Level 0.7 Transmutations
 + Level 11.7 Earth Magic
 + Level 6.0 Poison Magic


You had 19 spell levels left.
You knew the following spells:

 Your Spells              Type           Power      Damage    Failure   Level
a - Sandblast             Erth           100%       2d20      1%          1
b - Stone Arrow           Conj/Erth      100%       3d13      1%          3
c - Olgreb's Toxic Radia  Pois           34%        N/A       6%          4

Your spell library contained the following spells:

 Spells                   Type           Power      Damage    Failure   Level
 Sting                    Tmut/Pois      92%        1d7       1%          1
 Passwall                 Tmut/Erth      29%        N/A       1%          2
 Poisonous Vapours        Pois/Air       42%        N/A       3%          2
 Hailstorm                Conj/Ice       27%        3d7       3%          3
 Petrify                  Tmut/Erth      35%        N/A       6%          4
 Ice Form                 Ice/Tmut       10%        N/A       54%         4
 Simulacrum               Ice/Necr       Unusable   N/A       N/A         6

Dungeon Overview and Level Annotations

Branches:
Dungeon (10/15)            Temple (0/1) D:7            Lair (0/5) D:8
  Sewer (visited)
    Orc: D:9-12

Altars:
Fedhas
Gozag
Hepliaklqana
Kikubaaqudgha
Nemelex Xobeh
Qazlal
Ru
Trog
Uskayaw

Annotations:
D:3 1 runed translucent door, Esekla's ghost, amateur OpDe
D:6 3 runed translucent doors, NateTC's ghost, novice GrFi


Innate Abilities, Weirdness & Mutations

You are immune to sickness and miasma.
Your stone body is resilient. (AC +8)
You are immune to poison.
You resist negative energy. (rN+)
You are resistant to electric shocks. (rElec)
You are resistant to unholy torment.
You are immune to petrification.
You are partially covered in iridescent scales. (AC +2)
You are agile. (Dex +4, Str/Int -1)
You have an increased reservoir of magic. (+10% MP)
You are vulnerable to heat. (rF-)


Message History

You hear the faint creaking of a portcullis nearby.
You now have 1099 gold pieces (gained 21).
You see here 4 large rocks.
You hear the creaking of a portcullis nearby.
Found a flail.
Found 9 stones.
Found a stone staircase leading down.
Found 14 gold pieces.
You now have 1113 gold pieces (gained 14).
Found a notched steel ring.
You hear the steady creaking of a very distant portcullis.
B - a ring of see invisible
B - a ring of see invisible (right hand)
You open the door.
There is an open door here.
You hear the steady creaking of a portcullis very nearby.
You open the door.
Found 5 poisoned darts.
There is an open door here.
You see here 5 poisoned darts.
A fire crab comes into view.
Found a stone staircase leading down.
The fire crab breathes flames at you.
The blast of flame engulfs you but does no damage.
Casting: Stone Arrow (safe; 1% risk of failure)
Confirm with . or Enter, or press ? or * to list all spells.
Aiming: Stone Arrow (safe; 1% risk of failure)
Press: ? - help, Shift-Dir - straight line, f - fire crab
Aim: a fire crab (89% to hit)
The stone arrow hits the fire crab!
The fire crab is moderately wounded.
You are engulfed in blazing flames.
Ouch! That really hurt!
Casting: Stone Arrow (safe; 1% risk of failure)
Confirm with . or Enter, or press ? or * to list all spells.
You begin to radiate toxic energy.
The fire crab is poisoned.
You are engulfed in blazing flames.
Ouch! That really hurt!
You die...
Your body crumbles into a pile of gold.

.# #.# #.# #.# #.# #
#.#.#
...######°#.#.#..
......t@°°°°....> ..
...######°#°#.## ..
..# #.# .. ..# #.#
..####### #.# #.#
........# #.# #.#
...^....###.######.#
........'.....(....#
........###.########


You could see a fire crab (poisoned).

Vanquished Creatures
  A two-headed ogre (D:9)
  3 death yaks (D:7)
  Pikel (D:7)
  A cyclops (D:10)
  A queen bee (D:9)
  Prince Ribbit (D:9)
  Grinder (D:6)
  Sigmund (D:3)
  2 wyverns (D:9)
  5 yaks
  4 steam dragons
  2 water moccasins
  An orc warrior (D:8)
  An ice beast (D:6)
  2 sky beasts
  A black bear (D:7)
  An ogre (D:6)
  4 centaurs
  A phantom (D:7)
  Blork the orc (D:6)
  6 bullfrogs
  A scorpion (D:4)
  26 killer bees (D:9)
  A howler monkey (D:10)
  A hound (D:4)
  A jelly (D:4)
  7 orc priests
  2 gnoll boudas
  An iguana (D:5)
  Crazy Yiuf (D:5)
  A sleepcap (D:4)
  12 orc wizards
  7 gnolls
  10 adders
  2 white imps
  An ufetubus (D:7)
  2 worms (D:3)
  2 dart slugs
  40 orcs
  6 endoplasms
  15 giant cockroaches
  17 goblins
  9 hobgoblins
  8 jackals (D:1)
  10 kobolds
  8 quokkas
  12 ball pythons
  9 bats
  15 frilled lizards
  17 rats
285 creatures vanquished.

Vanquished Creatures (others)
  A kobold brigand (D:8)
1 creature vanquished.

Grand Total: 286 creatures vanquished

Notes
Turn   | Place    | Note
-------+----------+-------------------------------------------
     0 | D:1      | 123456 the Gargoyle Earth Elementalist began the quest for
                  | the Orb.
     0 | D:1      | Reached XP level 1. HP: 10/10 MP: 3/3
   104 | D:1      | Reached XP level 2. HP: 15/15 MP: 3/5
   228 | D:1      | Reached skill level 4 in Earth Magic
   377 | D:1      | Found a faded altar of an unknown god.
   484 | D:1      | Reached XP level 3. HP: 17/19 MP: 2/6
   761 | D:1      | Gained mutation: You are agile. (Dex +4, Str/Int -1)
                  | [potion of mutation]
   761 | D:1      | Gained mutation: You are vulnerable to heat. (rF-) [potion
                  | of mutation]
   761 | D:1      | Gained mutation: You are partially covered in iridescent
                  | scales. (AC +2) [potion of mutation]
   761 | D:1      | Gained mutation: You have an increased reservoir of magic.
                  | (+10% MP) [potion of mutation]
  1007 | D:2      | Learned a level 3 spell: Stone Arrow
  1212 | D:2      | Reached XP level 4. HP: 24/24 MP: 6/8
  2368 | D:3      | Reached XP level 5. HP: 28/28 MP: 8/10
  2373 | D:3      | Reached skill level 1 in Conjurations
  2444 | D:3      | Noticed Sigmund
  2454 | D:3      | Killed Sigmund
  2455 | D:3      | Reached skill level 5 in Earth Magic
  2455 | D:3      | Reached XP level 6. HP: 32/32 MP: 1/12
  2572 | D:3      | Noticed Esekla's ghost (amateur OpDe)
  2574 | D:3      | Found a runed translucent door.
  2734 | D:3      | Found a glowing drain.
  2757 | Sewer    | Entered a sewer
  2959 | Sewer    | Reached XP level 7. HP: 32/36 MP: 11/14
  3005 | Sewer    | Reached skill level 6 in Earth Magic
  3469 | D:3      | Found a stormy altar of Qazlal.
  3648 | D:4      | Identified 2 scrolls of acquirement
  3685 | D:4      | Acquired the +0 pair of boots of Zin's Hope {rElec Str+3}
  3692 | D:4      | Acquired the amulet "Amusk" {Faith rC+ rCorr Int+3}
  3989 | D:4      | Reached XP level 8. HP: 41/41 MP: 12/16
  4170 | D:5      | Entered Level 5 of the Dungeon
  4189 | D:5      | Found a bloodstained altar of Trog.
  4253 | D:5      | Found a sparkling altar of Nemelex Xobeh.
  4357 | D:5      | Identified the +8 short sword of Disarray {heavy, rElec
                  | MP+9}
  4366 | D:5      | Reached skill level 7 in Earth Magic
  4395 | D:5      | Reached skill level 5 in Spellcasting
  4740 | D:5      | Found a runed translucent door.
  4741 | D:5      | Noticed Crazy Yiuf
  4856 | D:5      | Killed Crazy Yiuf
  5048 | D:5      | Reached skill level 5 in Stealth
  5323 | D:6      | Noticed NateTC's ghost (novice GrFi)
  5359 | D:6      | Noticed Blork the orc
  5519 | D:6      | Reached skill level 8 in Earth Magic
  5523 | D:6      | Reached XP level 9. HP: 14/45 MP: 0/19
  5863 | D:6      | Killed Blork the orc
  6046 | D:6      | Found a runed translucent gate.
  6046 | D:6      | Found a runed translucent gate.
  6054 | D:6      | Found a runed translucent gate.
  6065 | D:6      | Noticed Grinder
  6081 | D:6      | Killed Grinder
  6692 | D:7      | Found a blossoming altar of Fedhas.
  6719 | D:7      | Found an opulent altar of Gozag.
  6722 | D:7      | Found an ancient bone altar of Kikubaaqudgha.
  6724 | D:7      | Became a worshipper of Gozag Ym Sagoz the Greedy
  6725 | D:7      | Found a sacrificial altar of Ru.
  6732 | D:7      | Found a hazy altar of Hepliaklqana.
  6880 | D:7      | Found a staircase to the Ecumenical Temple.
  6953 | D:7      | Reached skill level 9 in Earth Magic
  7350 | D:8      | Noticed Pikel
  7427 | D:7      | Learned a level 4 spell: Olgreb's Toxic Radiance
  7433 | D:7      | Killed Pikel
  7434 | D:7      | Reached skill level 5 in Conjurations
  7434 | D:7      | Reached skill level 1 in Poison Magic
  7909 | D:8      | Found a staircase to the Lair.
  7909 | D:8      | Noticed a death yak
  7909 | D:8      | Noticed a death yak
  7911 | D:8      | Noticed a death yak
  7926 | D:7      | Killed a death yak
  7927 | D:7      | Reached skill level 10 in Earth Magic
  7927 | D:7      | Reached XP level 10. HP: 27/50 MP: 8/23
  8020 | D:7      | Killed a death yak
  8155 | D:7      | HP: 2/50 [yak (10)]
  8400 | D:7      | Killed a death yak
  9487 | D:9      | Reached skill level 11 in Earth Magic
  9571 | D:9      | Reached skill level 5 in Poison Magic
  9571 | D:9      | Reached XP level 11. HP: 47/54 MP: 16/25
  9642 | D:9      | Noticed Prince Ribbit
  9648 | D:9      | Killed Prince Ribbit
  9821 | D:9      | Noticed a two-headed ogre
  9825 | D:9      | Killed a two-headed ogre
 10068 | D:9      | Found a hide-covered altar of Uskayaw.
 10616 | D:10     | Entered Level 10 of the Dungeon
 10810 | D:10     | Noticed a cyclops
 10813 | D:10     | Killed a cyclops
 10992 | D:10     | Noticed a fire crab
 10996 | D:10     | Engulfed by a fire crab (shapeshifter)'s flame

Illustrated notes

Levels and vault maps discovered:
D:1:      dpeg_arrival_lava_temple_mockup, layout_rooms,
          shapermc_ecumenical_altar_mp_highgroup
D:2:      minmay_diamond_boxcup, layout_basic, minmay_mini_jars
D:3:      layout_rooms, marbit_many_paths, hellmonk_ghost_happy_afterlife,
          portal_sewer_entry_b, grunt_ministairs_11, uniq_sigmund
D:4:      layout_rooms
D:5:      layout_loops_ring, old_standard_altar,
          mainiacjoe_overflow_surrounded_room, grunt_decor_one_mirror,
          uniq_crazy_yiuf_cottage
D:6:      layout_basic, serial_rivers, chequers_serial_rivers_micro_b,
          chequers_serial_rivers_large_a, chequers_serial_rivers_micro_e,
          chequers_serial_rivers_micro_a, gammafunk_ghost_icy,
          uniq_blork_the_orc, uniq_grinder
D:7:      layout_basic, nicolae_overflow_hallway_of_the_gods,
          minmay_temple_entry_glass
D:8:      layout_rooms, dpeg_lair_monsters, uniq_pikel
D:9:      layout_roguey, lemuel_round_altar, fungi_pond_lemuel,
          minmay_misc_feat_more_columns, minivault_7, uniq_prince_ribbit1
D:10:     layout_basic, enter_bailey_8

Skill      XL: |  1  2  3  4  5  6  7  8  9 10 11 |
---------------+----------------------------------+-----
Earth Magic    | 4 5 6 8 10 11 | 11.7
Dodging        | 2 3 4 |  4.0
Stealth        | 3 4 5 6 |  6.0
Spellcasting   | 3 4 5 7 8 |  8.7
Conjurations   | 1 2 3 4 6 7 8 |  8.4
Poison Magic   | 3 5 6 |  6.0
Transmutations | |  0.7

Action                     |  1- 3 |  4- 6 |  7- 9 | 10-12 || total
---------------------------+-------+-------+-------+-------++-------
  Melee: Unarmed           |    15 |       |       |       ||    15
         Short sword       |    15 |     2 |       |       ||    17
         Morningstar       |       |    21 |    18 |       ||    39
         Mace              |       |       |    21 |    16 ||    37
   Cast: Sandblast         |    58 |   112 |   141 |    93 ||   404
         Stone Arrow       |       |     6 |    31 |    42 ||    79
         Olgreb's Toxic Ra |       |       |       |     7 ||     7
    Use: Scroll            |     3 |     6 |    11 |     7 ||    27
         Potion            |     1 |       |     3 |     2 ||     6
   Stab: Sleeping          |     2 |     2 |       |       ||     4
         Distracted        |       |       |     1 |       ||     1
 Armour: Robe              |    47 |    71 |    99 |    62 ||   279
  Dodge: Dodged            |    75 |    88 |   144 |    94 ||   401

Table legend: (Time is in decaauts)
 A = Elapsed time spent in this place.
 B = Non-inter-level travel time spent in this place.
 C = Inter-level travel time spent in this place.
 D = Time resting spent in this place.
 E = Time spent auto-exploring this place.
 F = Levels seen in this place.
 G = Mean time per level.
                   A        B        C        D        E       F      G
               +--------+--------+--------+--------+--------+-----+--------+
         Total |  11338 |  10863 |    475 |   1933 |   6840 |  11 | 1030.7 |
       Dungeon |  10746 |  10271 |    475 |   1933 |   6398 |  10 | 1074.6 |
         Sewer |    591 |    591 |      0 |      0 |    441 |   1 |  591.0 |
               +--------+--------+--------+--------+--------+-----+--------+

Top non-repeatable levels by time:
     D:7: 1980 daAuts
     D:9: 1446 daAuts
     D:2: 1410 daAuts
     D:6: 1234 daAuts
     D:5: 1210 daAuts
     D:1: 961 daAuts
     D:3: 792 daAuts
     D:8: 698 daAuts
     D:4: 633 daAuts
   Sewer: 591 daAuts
    D:10: 380 daAuts
